 Dungeon Crawl Stone Soup version 0.20.1-1-g8b1a95d66d (webtiles) character file.

196 Crag the Insei (level 6, 0/41 HPs)
             Began as a Halfling Abyssal Knight on Nov 26, 2017.
             Was a Believer of Lugonu.
             Slain by an orc (3 damage)
             ... on level 4 of the Dungeon.
             The game lasted 00:10:43 (4006 turns).

Crag the Insei (Halfling Abyssal Knight)            Turns: 4006, Time: 00:10:44

Health: 0/41       AC:  4    Str: 19    XL:     6   Next: 4%
Magic:  7/7        EV: 14    Int: 10    God:    Lugonu [**....]
Gold:   121        SH:  0    Dex: 15    Spells: 5/5 levels left

rFire    . . .     SeeInvis .     - Unarmed
rCold    . . .     Gourm    .   (shield restricted)
rNeg     . . .     Faith    .   a - +0 leather armour
rPois    .         Spirit   .   (no helmet)
rElec    .         Reflect  .   m - +0 cloak (curse)
rCorr    .         Harm     .   (no gloves)
MR       .....     Clarity  +   (no boots)
Stlth    +.........             (no amulet)
Regen    0.2/turn               (no ring)
MPRegen  0.1/turn               (no ring)

@: mighty, hasted, very quick
A: clarity, mutation resistance 1
a: Depart the Abyss, Bend Space, Renounce Religion


You were on level 4 of the Dungeon.
You worshipped Lugonu.
Lugonu was pleased with you.
You were very hungry.

You visited 1 branch of the dungeon, and saw 4 of its levels.
You visited the Abyss 1 time.

You collected 121 gold pieces.

Inventory:

Missiles
 f - 152 stones (quivered)
Armour
 a - a +0 leather armour (worn)
 m - a cursed +0 cloak (worn)
Wands
 n - a wand of digging (15/24)
 r - a wand of acid (7/15)
Scrolls
 e - 4 scrolls of identify {unknown}
 g - a scroll of immolation {unknown}
 j - 5 scrolls of remove curse
 l - 2 scrolls of teleportation {unknown}
 p - a scroll of enchant weapon {unknown}
 s - a scroll of magic mapping {unknown}
 t - a scroll of amnesia {unknown}
Potions
 o - a potion of haste
 q - a potion of lignification {unknown}
Comestibles
 b - 4 bread rations
 c - 2 royal jellies
 d - 3 meat rations
 k - 2 fruits


   Skills:
 - Level 2.6 Fighting
 - Level 2.1 Armour
 + Level 1.8 Dodging
 * Level 4.4 Unarmed Combat
 + Level 2.5 Invocations


You had 5 spell levels left.
You didn't know any spells.

Dungeon Overview and Level Annotations

Branches:
Dungeon (4/15)
 Temple: D:4-7

Altars:
Makhleb


Innate Abilities, Weirdness & Mutations

You are small and have problems with some larger weapons.
You are somewhat resistant to further mutation.
You possess an exceptional clarity of mind.


Message History

You punch the orc priest!
The orc priest is severely wounded.
The orc priest calls down the wrath of Beogh upon you.
Beogh smites you!
* * * LOW HITPOINT WARNING * * *
You barely miss the orc priest. Your punch misses the orc priest.
The orc priest is severely wounded.
The orc closely misses you. The orc priest barely misses you.
It was a potion of haste.
You feel yourself speed up. The orc completely misses you.
The orc priest closely misses you.
You punch the orc priest!
You kill the orc priest!
Lugonu accepts your kill.
You have reached level 6!
Your experience leads to an increase in your attributes!
Your base attributes are Str 14, Int 10, Dex 14.
Increase (S)trength, (I)ntelligence, or (D)exterity?
You feel agile. The orc hits you.
You die...

###... . .#
#.### .#.# ###.#
...# .# .# ####
#..# .# .. ..#
#..# .# #.# #..#
.# #.## #..# .#
###..######o.#
.#
##...(.....@)o#
.#
##...#.#######.#
.# ##.#.#..# .#
.###.##.##.# ##
........##..#
####.#####.##
##.# ..# #.# .##
#.#


You could see 2 orcs.

Vanquished Creatures
  2 orc priests (D:4)
  7 adders
  2 dart slugs (D:1)
  4 orcs (D:3)
  6 giant cockroaches
  9 goblins
  6 hobgoblins
  6 jackals
  A quokka (D:2)
  A ball python (D:1)
  6 bats
  4 frilled lizards
  4 kobolds
  A leopard gecko skeleton (D:4)
  10 rats
69 creatures vanquished.

Notes
Turn   | Place    | Note
-------+----------+-------------------------------------------
     0 | Abyss:1  | Crag the Halfling Abyssal Knight began the quest for the Orb.
     0 | Abyss:1  | Reached XP level 1. HP: 15/15 MP: 2/2
    58 | Abyss:1  | Noticed a freezing wraith
    59 | Abyss:1  | Noticed a tentacled starspawn
    59 | Abyss:1  | Noticed a sixfirhy
    62 | D:1      | Escaped the Abyss
    73 | D:1      | Gained mutation: You are partially covered in large bone plates. (SH +4) [potion of mutation]
    80 | D:1      | Noticed a swamp worm
    80 | D:1      | Noticed a polar bear
    80 | D:1      | Noticed a hog
    80 | D:1      | Noticed a komodo dragon
    80 | D:1      | Noticed an anaconda
   327 | D:1      | Lost mutation: You are partially covered in large bone plates. (SH +4) [potion of mutation]
   327 | D:1      | Gained mutation: You possess an exceptional clarity of mind. [potion of mutation]
   366 | D:1      | Reached skill level 2 in Unarmed Combat
   366 | D:1      | Reached XP level 2. HP: 16/20 MP: 3/3
   435 | D:1      | Reached * piety under Lugonu
  1069 | D:1      | Reached XP level 3. HP: 16/25 MP: 4/4
  1487 | D:2      | Reached skill level 3 in Unarmed Combat
  1766 | D:2      | Reached XP level 4. HP: 27/30 MP: 5/5
  1828 | D:2      | Found a burning altar of Makhleb.
  2679 | D:3      | Reached XP level 5. HP: 35/35 MP: 6/6
  2731 | D:3      | Reached ** piety under Lugonu
  2738 | D:3      | Reached skill level 4 in Unarmed Combat
  4006 | D:4      | Reached XP level 6. HP: 2/41 MP: 7/7
  4006 | D:4      | Slain by an orc

Skill      XL: |  1  2  3  4  5 |
---------------+----------------+-----
Unarmed Combat | 2 3 4 |  4.4
Fighting       | |  2.6
Armour         | |  2.1
Dodging        | |  1.8
Invocations    | |  2.5

Action                   |  1- 3 |  4- 6 || total
-------------------------+-------+-------++-------
Melee: Unarmed           |   206 |   166 ||   372
       Punch             |     1 |     3 ||     4
Invok: Depart the Abyss  |     1 |       ||     1
  Use: Potion            |     2 |     5 ||     7
       Scroll            |     1 |       ||     1
 Stab: Sleeping          |     1 |       ||     1
  Eat: Chunk             |     3 |     6 ||     9
Armor: Plate armour      |    12 |       ||    12
       Leather armour    |    40 |    38 ||    78
Dodge: Dodged            |   129 |   116 ||   245
Block: Other             |     2 |       ||     2
